 Dungeon Sprint DCSS version 0.29.1-12-g30fa7ad0bf (webtiles) character file.

Game seed: 9634059597298541971

180 Groucho the Covert (level 5, -4/27 HPs)
             Began as a Spriggan Enchanter on Dec 17, 2022.
             Slain by a necrophage (5 damage)
             ... in the Dungeon (Sprint II: "The Violet Keep of Menkaure").
             The game lasted 00:00:34 (25 turns).

Groucho the Covert (Spriggan Enchanter)               Turns: 25, Time: 00:00:35

Health: -4/27      AC:  2    Str:  6    XL:     5   Next: 33%
Magic:  9/13       EV: 20    Int: 17    God:
Gold:   0          SH:  0    Dex: 15    Spells: 13/13 levels left

rFire   . . .      SeeInvis +   a - +1 dagger
rCold   . . .      Faith    .   (no shield)
rNeg    . . .      Spirit   .   b - +0 robe
rPois   .          Reflect  .   (helmet restricted)
rElec   .          Harm     .   (no cloak)
rCorr   .          Rampage  .   (gloves unavailable)
Will    .....      NoTele   +   (boots unavailable)
Stlth   ++++......              (no amulet)
HPRegen 0.09/turn               (no ring)
MPRegen 0.13/turn               (no ring)

@: on berserk cooldown, slowed, quick
A: very small, no large weapons, unfitting armour, see invisible, speed 3
a: no special abilities


You were in the Dungeon.
You visited 1 branch

Inventory:

Hand Weapons
 a - a +1 dagger (weapon)
Armour
 b - a +0 robe (worn)
Scrolls
 i - a scroll of blinking
Potions
 c - 2 potions of invisibility
 d - a potion of curing
 e - a potion of heal wounds
 f - a potion of haste
 g - 2 potions of magic


   Skills:
 + Level 2.5 Fighting
 * Level 5.3 Short Blades
 * Level 7.0 Dodging
 * Level 8.8 Stealth
 + Level 4.9 Spellcasting
 * Level 6.9 Hexes


You had 13 spell levels left.
You didn't know any spells.
Your spell library contained the following spells:

 Spells                   Type           Power      Damage    Failure   Level
 Confusing Touch          Hex            27%        N/A       2%          3
 Tukima's Dance           Hex            27%        N/A       2%          3
 Ensorcelled Hibernation  Hex/Ice        30%        N/A       5%          2
 Dazzling Flash           Conj/Hex       30%        N/A       11%         3


Dungeon Overview and Level Annotations

Branches:
Dungeon (1/1)

Altars:


Innate Abilities, Weirdness & Mutations

You are very small and have problems with some larger weapons.
You are too small for most types of armour.
You have supernaturally acute eyesight. (SInv)
You cover ground extremely quickly. (Speed+++)


Message History

You destroy the necrophage!
Your Short Blades skill increases to level 5!
Your Dodging skill increases to level 7!
Your Stealth skill increases to level 8!
You have reached level 5!
You feel clever.
Unknown command.
Unknown command.
The necrophage misses you.
There is an open door here.
You see here a necrophage corpse.
You puncture the necrophage!
The necrophage is moderately damaged.
You puncture the necrophage!
The necrophage is severely damaged.
You are no longer berserk.
You are exhausted.
You feel yourself slow down. The necrophage misses you.
You hit the necrophage.
The necrophage is severely damaged.
The necrophage barely misses you.
You hit the necrophage.
The necrophage is almost destroyed.
The necrophage completely misses you.
Unknown command.
Unknown command.
You barely miss the necrophage.
The necrophage is almost destroyed.
The necrophage hits you.
* * * LOW HITPOINT WARNING * * *
You closely miss the necrophage.
The necrophage is almost destroyed.
The necrophage hits you.
* * * LOW HITPOINT WARNING * * *
Unknown command.
Unknown command.
You closely miss the necrophage.
The necrophage is almost destroyed.
The necrophage hits you.
You die...

## ##.#
#+#
#...##.##
#n@.<.+
#...##.##
##.# #+#
##


You could see a necrophage.

Vanquished Creatures
  3 necrophages (D)
3 creatures vanquished.

Notes
Turn   | Place    | Note
-------+----------+-------------------------------------------
     0 | D        | Groucho the Spriggan Enchanter began the quest for the Orb.
     0 | D        | Reached XP level 1. HP: 9/9 MP: 5/5
     1 | D        | Noticed a necrophage
     1 | D        | Noticed a necrophage
     1 | D        | Noticed a necrophage
     1 | D        | Noticed a necrophage
     9 | D        | Killed a necrophage
    10 | D        | Reached skill level 1 in Fighting
    10 | D        | Reached skill level 5 in Dodging
    10 | D        | Reached skill level 6 in Stealth
    10 | D        | Reached skill level 5 in Hexes
    10 | D        | Reached XP level 2. HP: 6/14 MP: 5/7
    10 | D        | Reached XP level 3. HP: 8/18 MP: 6/9
    13 | D        | Killed a necrophage
    14 | D        | Reached skill level 7 in Stealth
    14 | D        | Reached XP level 4. HP: 11/23 MP: 7/11
    17 | D        | Killed a necrophage
    18 | D        | Reached skill level 5 in Short Blades
    18 | D        | Reached skill level 8 in Stealth
    18 | D        | Reached XP level 5. HP: 11/27 MP: 8/13
    24 | D        | HP: 1/27 [necrophage (5)]
    25 | D        | Slain by a necrophage

Illustrated notes

Levels and vault maps discovered:
D:        the_violet_keep_of_menkaure [sprint2_stairs_cluster_1,
          sprint2_shoproom, sprint2_temple, sprint2_basic_supplies,
          sprint2_obstacle_5, sprint2_obstacle_6, sprint2_obstacle_3,
          sprint2_obstacle_1, sprint2_obstacle_4, sprint2_timed_cluster_1,
          sprint2_smallroom_cluster_1, sprint2_smallroom_final_cluster_1,
          sprint2_transparent_cluster_1, sprint2_second_timed_cluster_1,
          sprint2_sniper_area_1, sprint2_heavy_combat_area_1,
          sprint2_mutation_trap_area_1, sprint2_forest_area_1,
          sprint2_light_combat_area_1, sprint2_behind_water_1,
          sprint2_near_end_vault_1]

Skill      XL: |  1  2  3  4 |
---------------+-------------+-----
Fighting       | 1 2 |  2.5
Short Blades   | 3 4 5 |  5.3
Dodging        | 5 6 7 |  7.0
Stealth        | 6 7 8 |  8.8
Spellcasting   | 3 4 |  4.9
Hexes          | 5 6 |  6.9

Action                   |  1- 3 |  4- 6 || total
-------------------------+-------+-------++-------
Melee: Dagger            |    11 |    11 ||    22
  Use: Potion            |     1 |       ||     1
Dodge: Dodged            |     2 |     5 ||     7
